 Dungeon Crawl Stone Soup version 0.23.2-1-ga50397a (webtiles) character file.

Game seed: 9716580692927856246

9802 Borgoz the Fighter (level 11, -47/72 HPs)
             Began as a Gargoyle Gladiator on May 15, 2019.
             Was an Initiate of Ashenzari.
             Killed from afar by Erolcha (52 damage)
             ... with a crystal spear
             ... on level 11 of the Dungeon.
             The game lasted 00:31:19 (9297 turns).

Borgoz the Fighter (Gargoyle Gladiator)             Turns: 9297, Time: 00:31:19

Health: -47/72     AC: 26    Str: 17    XL:     11   Next: 52%
Magic:  0/11       EV:  9    Int: 10    God:    Ashenzari [......]
Gold:   644        SH:  0    Dex: 14    Spells: 10/10 levels left

rFire    + . .     SeeInvis .   I - +4 great sword
rCold    . . .     Gourm    .   (shield currently unavailable)
rNeg     + . .     Faith    .   l - +0 plate armour
rPois    ∞         Spirit   +   y - +0 helmet (curse)
rElec    +         Reflect  .   z - +0 cloak
rCorr    .         Harm     .   w - +0 pair of gloves
MR       .....                  (no boots)
Stlth    ..........             K - amulet of guardian spirit
HPRegen  0.22/turn              j - +5 ring of slaying
MPRegen  0.12/turn              t - ring of protection from fire

@: no status effects
A: negative energy resistance 1, electricity resistance, unbreathing,
petrification resistance, rot immunity, AC +8
a: Curse Item, Renounce Religion


You were on level 11 of the Dungeon.
You worshipped Ashenzari.
Ashenzari was noncommittal.
You were not hungry.

You visited 1 branch of the dungeon, and saw 11 of its levels.
You also visited: Sewer.

You collected 644 gold pieces.

Inventory:

Hand Weapons
 b - a +2 short sword of venom
 I - a +4 great sword (weapon)
 J - the +9 hunting sling "Ruimanef" {freeze, Int+8}
   (You found it on level 9 of the Dungeon)

   It causes projectiles fired from it to freeze those they strike, causing
   extra injury to most foes and up to half again as much damage against
   particularly susceptible opponents.
   They can also slow down cold-blooded creatures.
   It affects your intelligence (+8).
Missiles
 d - 4 throwing nets (quivered)
Armour
 l - a +0 plate armour (worn)
 v - a +2 ring mail of magic resistance
 w - a +0 pair of gloves (worn)
 y - a cursed +0 helmet (worn)
 z - a +0 cloak (worn)
Jewellery
 j - a +5 ring of slaying (left hand)
 t - a ring of protection from fire (right hand)
 u - a +2 ring of dexterity
 x - a +2 amulet of reflection
 K - an amulet of guardian spirit (around neck)
Wands
 h - a wand of acid (13)
 s - a wand of flame (52)
 B - a wand of paralysis (9)
 E - a wand of polymorph (8)
Scrolls
 i - 4 scrolls of remove curse
 n - a scroll of fear
 o - 6 scrolls of teleportation
 p - 5 scrolls of enchant armour
 q - a scroll of amnesia
 r - 5 scrolls of enchant weapon
 A - 2 scrolls of blinking
 C - a scroll of identify
 D - a scroll of fog
Potions
 e - 11 potions of curing
 g - 8 potions of flight
 k - 4 potions of heal wounds
 m - 4 potions of agility
 G - a potion of resistance
 H - a potion of magic
 L - a potion of invisibility
Comestibles
 f - 9 rations


   Skills:
 + Level 10.0 Fighting
 + Level 8.7 Long Blades
 - Level 1.7 Throwing
 + Level 9.6 Armour
 + Level 7.9 Dodging


You had 10 spell levels left.
You didn't know any spells.
Your spell library contained the following spells:

 Spells                   Type           Power        Failure   Level  Hunger
 Sting                    Conj/Pois      #...         100%        1    ##.....
 Corpse Rot               Necr           N/A          100%        2    ###....
 Poisonous Vapours        Pois/Air       #.....       100%        2    ###....
 Mephitic Cloud           Conj/Pois/Air  #.......     100%        3    ####...
 Stone Arrow              Conj/Erth      #.....       100%        3    ####...
 Leda's Liquefaction      Hex/Erth       #.........   100%        4    #####..
 Olgreb's Toxic Radiance  Pois           #.......     100%        4    #####..
 Summon Forest            Summ/Tloc      #.........   100%        5    ######.
 Venom Bolt               Conj/Pois      #.........   100%        5    ######.
 Hydra Form               Tmut           #.........   100%        6    #######
 Summon Hydra             Summ           #.........   100%        7    #######


Dungeon Overview and Level Annotations

Branches:
Dungeon (11/15)            Temple (0/1) D:4            Lair (0/6) D:9
    Orc: D:9-12

Altars:
Ashenzari
Elyvilon
Gozag
Hepliaklqana
Makhleb
Ru
Sif Muna
Trog
Yredelemnul
Zin

Shops:
D:2 *   D:6 ?

Annotations:
D:6 2 runed translucent doors, Paps's ghost, novice TrFi
D:11 Erolcha


Innate Abilities, Weirdness & Mutations

You are resistant to torment.
Your stone body is resilient. (AC +8)
You are immune to poison.
You resist negative energy. (rN+)
You are resistant to electric shocks. (rElec)
You can survive without breathing.
You are immune to petrification.
You are immune to rotting.


Message History

Erolcha hits you but does no damage.
You slash Erolcha!
Erolcha is severely wounded.
Erolcha closely misses you. Erolcha hits you with a +0 giant club.
Your plate armour prevents you from hitting Erolcha.
Erolcha is severely wounded.
Erolcha barely misses you.
You slash Erolcha!
Erolcha is severely wounded.
Erolcha points at you and mumbles some strange words.
The crystal spear hits you!!!
Ouch! That really hurt!
* * * LOW HITPOINT WARNING * * *
Erolcha hits you but does no damage.
You slash Erolcha!
Erolcha is almost dead.
Erolcha gestures at you while chanting. The crystal spear hits you!!!
Ouch! That really hurt!
You die...

##.....#### .........#
##........#
.###.........#
........>....#
.............#
#...........# .. ..
#.O@# ..# ....###.####
...............####
#...#######(.#....#
##.......###......####
............#........#
##.[...##..#........
##.#..####.....#.#.#
#....## ###...#.#


You could see Erolcha.

Vanquished Creatures
  Harold (D:8)
  A two-headed ogre (D:9)
  An unseen horror (D:10)
  A hippogriff (D:9)
  5 slime creatures (D:11)
  Sigmund (D:4)
  3 hungry ghosts
  Grum (D:9)
  Edmund (D:5)
  2 water moccasins (D:8)
  An ice beast (D:8)
  An orc warrior (D:8)
  A sky beast (D:9)
  6 ogres
  7 phantoms
  3 wolves (D:9)
  2 centaurs
  8 big kobolds
  4 bullfrogs
  A wyvern zombie (D:10)
  4 scorpions
  11 killer bees
  The ghost of RatmanManrat the Cudgeler, a weakling MiBe of Trog (D:3)
  10 wights
  5 howler monkeys
  3 electric eels (D:8)
  2 crimson imps
  9 hounds
  4 quasits (D:3)
  A bullfrog zombie (D:8)
  Crazy Yiuf (D:5)
  2 jellies (D:6)
  6 orc priests
  5 orc wizards
  2 bullfrog skeletons (D:8)
  3 iguanas
  6 worker ants
  Ijyb (D:4)
  A hound skeleton (D:7)
  A howler monkey skeleton (D:9)
  8 adders
  17 gnolls
  A worker ant zombie (D:8)
  2 shadow imps
  6 oozes
  2 adder zombies
  2 adder skeletons
  3 worms
  2 dart slugs
  9 leopard geckos
  30 orcs
  4 ball pythons
  6 giant cockroaches
  37 goblins
  24 hobgoblins
  16 jackals
  26 kobolds
  3 quokkas
  2 bats
  7 frilled lizards
  2 jackal skeletons
  A jackal zombie (D:8)
  11 rats
350 creatures vanquished.

Notes
Turn   | Place    | Note
-------+----------+-------------------------------------------
     0 | D:1      | Borgoz the Gargoyle Gladiator began the quest for the Orb.
     0 | D:1      | Reached XP level 1. HP: 12/12 MP: 1/1
   163 | D:1      | Reached XP level 2. HP: 14/18 MP: 2/2
   268 | D:1      | Reached skill level 1 in Armour
   532 | D:1      | Reached XP level 3. HP: 20/22 MP: 3/3
   838 | D:2      | Found a glowing silver altar of Zin.
   838 | D:2      | Found Zin's Purification Station.
   900 | D:2      | Found a white marble altar of Elyvilon.
   996 | D:2      | Reached XP level 4. HP: 22/27 MP: 4/4
  1060 | D:2      | Reached skill level 3 in Fighting
  1416 | D:3      | Found a glowing drain.
  1560 | Sewer    | Entered a sewer
  1577 | Sewer    | Noticed a big kobold
  1585 | Sewer    | Killed a big kobold
  1585 | Sewer    | Reached XP level 5. HP: 14/32 MP: 5/5
  1812 | Sewer    | Noticed a big kobold
  1820 | Sewer    | Killed a big kobold
  1820 | Sewer    | Reached XP level 6. HP: 34/38 MP: 6/6
  1929 | Sewer    | Reached skill level 4 in Fighting
  2417 | D:3      | Reached XP level 7. HP: 44/44 MP: 7/7
  2479 | D:3      | Found a transporter.
  2481 | D:3      | Noticed RatmanManrat's ghost (weakling MiBe)
  2493 | D:3      | Found a transporter.
  2906 | D:4      | Noticed Sigmund
  2917 | D:4      | Killed Sigmund
  2917 | D:4      | Reached skill level 5 in Fighting
  3254 | D:4      | Noticed Ijyb
  3255 | D:4      | Found a staircase to the Ecumenical Temple.
  3265 | D:4      | Killed Ijyb
  3265 | D:4      | Reached XP level 8. HP: 30/49 MP: 8/8
  3549 | D:4      | Reached skill level 5 in Long Blades
  3828 | D:4      | Reached skill level 5 in Armour
  4294 | D:5      | Entered Level 5 of the Dungeon
  4326 | D:5      | Found a basalt altar of Yredelemnul.
  4327 | D:5      | Found a deep blue altar of Sif Muna.
  4345 | D:5      | Found an opulent altar of Gozag.
  4358 | D:5      | Reached skill level 6 in Fighting
  4403 | D:5      | Reached skill level 5 in Dodging
  4607 | D:5      | Reached XP level 9. HP: 46/56 MP: 9/9
  4954 | D:5      | Found a runed translucent door.
  4955 | D:5      | Noticed Crazy Yiuf
  5026 | D:5      | Noticed Edmund
  5037 | D:5      | Killed Edmund
  5156 | D:5      | Killed Crazy Yiuf
  5271 | D:6      | Found a large runed translucent door.
  5271 | D:6      | Found a large runed translucent door.
  5282 | D:6      | Noticed Paps's ghost (novice TrFi)
  5399 | D:6      | Found Foepaqur's Magic Scroll Boutique.
  5406 | D:6      | Reached skill level 7 in Fighting
  5914 | D:3      | Killed RatmanManrat's ghost
  6276 | D:7      | Found a bloodstained altar of Trog.
  6276 | D:7      | Found a hazy altar of Hepliaklqana.
  6543 | D:7      | Found a sacrificial altar of Ru.
  6683 | D:8      | Reached XP level 10. HP: 49/64 MP: 10/10
  6693 | D:8      | Reached skill level 8 in Fighting
  6930 | D:8      | Noticed Harold
  6957 | D:8      | Killed Harold
  7748 | D:9      | Noticed Grum
  7761 | D:9      | Killed Grum
  7798 | D:9      | Reached skill level 9 in Fighting
  7934 | D:9      | Reached XP level 11. HP: 64/71 MP: 11/11
  7985 | D:9      | Noticed a two-headed ogre
  7997 | D:9      | Killed a two-headed ogre
  8012 | D:9      | Got a warped hunting sling
  8055 | D:9      | Found a staircase to the Lair.
  8130 | D:9      | Found a burning altar of Makhleb.
  8273 | D:10     | Entered Level 10 of the Dungeon
  8515 | D:10     | Killed an unseen horror
  9130 | D:8      | Found a shattered altar of Ashenzari.
  9138 | D:8      | Became a worshipper of Ashenzari the Shackled
  9245 | D:11     | Reached skill level 10 in Fighting
  9283 | D:11     | Noticed Erolcha
  9297 | D:11     | Killed from afar by Erolcha

Skill      XL: |  1  2  3  4  5  6  7  8  9 10 11 |
---------------+----------------------------------+-----
Armour         | 1 2 3 4 5 7 8 9 |  9.6
Long Blades    | 3 4 5 6 8 |  8.7
Fighting       | 3 4 5 6 7 9 10 | 10.0
Dodging        | 3 4 5 6 7 |  7.9
Throwing       | |  1.7

Action                   |  1- 3 |  4- 6 |  7- 9 | 10-12 || total
-------------------------+-------+-------+-------+-------++-------
Melee: Long sword        |    81 |   170 |   563 |    71 ||   885
       Scimitar          |       |       |       |   222 ||   222
       Great sword       |       |       |       |    41 ||    41
Throw: Throwing net      |       |       |     3 |       ||     3
Evoke: Wand              |       |       |     2 |     2 ||     4
  Use: Scroll            |       |    11 |     9 |     3 ||    23
       Potion            |       |       |     1 |     2 ||     3
 Stab: Held in net/web   |       |       |     1 |       ||     1
  Eat: Chunk             |       |     6 |    14 |     9 ||    29
       Ration            |       |       |     1 |     3 ||     4
Armor: Leather armour    |    23 |    58 |       |       ||    81
       Plate armour      |       |    34 |   549 |   358 ||   941
       Skin              |       |       |    23 |     6 ||    29
Dodge: Dodged            |    62 |   144 |   272 |   183 ||   661
Block: Other             |       |       |    18 |    22 ||    40
       Reflection        |       |       |       |     1 ||     1
       Rpst.: Long sword |    20 |    40 |    74 |    13 ||   147
       Scimitar          |       |       |       |    37 ||    37
       Great sword       |       |       |       |     3 ||     3
